 Dungeon Crawl Stone Soup version 0.22-a0-409-gb855193d78 (webtiles) character file.

37376 Kriby the Cleaver (level 13, -3/124 HPs)
             Began as a Minotaur Berserker on May 11, 2018.
             Was a High Priest of Trog.
             Slain by a spiny frog (12 damage)
             ... while paralysed by Rupert
             ... on level 6 of the Lair of Beasts.
             The game lasted 00:17:49 (19606 turns).

Kriby the Cleaver (Minotaur Berserker)             Turns: 19606, Time: 00:17:49

Health: -3/124     AC: 24    Str: 26    XL:     13   Next: 58%
Magic:  12/12      EV:  2    Int:  9    God:    Trog [*****.]
Gold:   668        SH:  0    Dex: 11    Spells: 12/12 levels left

rFire    . . .     SeeInvis .   E - +3 battleaxe (venom)
rCold    + . .     Gourm    .   (shield currently unavailable)
rNeg     . . .     Faith    +   K - +0 plate armour
rPois    .         Spirit   .   I - +2 hat
rElec    .         Reflect  .   W - +0 cloak
rCorr    .         Harm     .   f - +0 pair of gloves
MR       .....                  m - +1 pair of boots
Stlth    ..........             q - amulet of faith
HPRegen  0.30/turn              P - +5 ring of intelligence
MPRegen  0.13/turn              X - ring of protection from cold

@: paralysed, berserk cooldown, very slightly contaminated, starving, slowed
A: retaliatory headbutt, horns 2
a: Berserk, Trog's Hand, Brothers in Arms, Renounce Religion


You were on level 6 of the Lair of Beasts.
You worshipped Trog.
Trog was extremely pleased with you.
You were starving.

You visited 2 branches of the dungeon, and saw 17 of its levels.

You collected 829 gold pieces.
You spent 161 gold pieces at shops.

Inventory:

Hand Weapons
 a - a +0 hand axe
 E - a +3 battleaxe of venom (weapon)
 H - a +0 war axe
 N - a +5 executioner's axe of chopping
 V - the +4 war axe of Scorn {chop, rElec Str+5 Dex+5}
   (You found it on level 10 of the Dungeon)

   It inflicts extra damage upon your enemies.
   It affects your strength (+5).
   It affects your dexterity (+5).
   It insulates you from electricity.
Armour
 f - a +0 pair of gloves (worn)
 m - a +1 pair of boots (worn)
 I - a +2 hat (worn)
 K - a +0 plate armour (worn)
 R - a +1 ring mail of fire resistance
 U - a +2 buckler
 W - a +0 cloak (worn)
Jewellery
 l - the ring "Joseagis" {rC+ rN+ Int+3, unknown}
   (You found it on level 3 of the Lair of Beasts)

   [ring of protection from cold]

   It affects your intelligence (+3).
   It protects you from cold.
   It protects you from negative energy.
 n - an uncursed amulet of regeneration
 q - an amulet of faith (around neck)
 O - an uncursed amulet of rage {unknown}
 P - a +5 ring of intelligence (left hand)
 S - a +4 ring of strength {unknown}
 X - a ring of protection from cold (right hand)
Wands
 y - a wand of acid (23)
 B - a wand of enslavement (11)
 C - a wand of flame (127)
 G - a wand of polymorph (6)
 Z - a wand of iceblast (9)
Scrolls
 d - 2 scrolls of enchant weapon
 e - 8 scrolls of teleportation
 g - 4 scrolls of magic mapping
 h - 2 scrolls of immolation
 i - 6 scrolls of enchant armour
 j - 7 scrolls of remove curse
 r - 8 scrolls of amnesia
 w - a scroll of blinking
 x - 2 scrolls of fog
 F - 2 scrolls of identify
 L - 3 scrolls of noise
 M - 2 scrolls of fear
Potions
 k - 4 potions of heal wounds {unknown}
 o - 6 potions of agility {unknown}
 p - a potion of invisibility {unknown}
 s - 9 potions of curing
 t - 4 potions of lignification
 u - 3 potions of cancellation
 v - 3 potions of brilliance
 z - 3 potions of ambrosia
 A - 6 potions of flight
 D - 3 potions of magic
 J - a potion of berserk rage {unknown}
 Q - a potion of mutation
 T - a potion of might
Comestibles
 c - 28 rations


   Skills:
 + Level 14.0 Fighting
 * Level 14.4 Axes
 + Level 13.8 Armour
 + Level 12.7 Dodging


You had 12 spell levels left.
You didn't know any spells.

Dungeon Overview and Level Annotations

Branches:
Dungeon (11/15)            Temple (0/1) D:6            Lair (6/6) D:10
 Shoals (0/4) Lair:3        Snake (0/4) Lair:4        Slime (0/5) Lair:6
    Orc (0/2) D:11

Altars:
Ashenzari
Cheibriados
Nemelex Xobeh
Vehumet
Yredelemnul
The Shining One
Jiyva

Shops:
D:4 ?

Annotations:
Lair:6 Rupert


Innate Abilities, Weirdness & Mutations

You reflexively headbutt those who attack you in melee.
You have a pair of horns on your head.


Message History

You suddenly lose the ability to move!
Rupert screams, "Give me the Holy Grail!"
A hornet comes into view.
The hornet buzzes angrily.
You can move again.
Blink to where?
Press: ? - help, Dir - move target cursor You are very lightly contaminated with residual magic.
As you read the scroll of blinking, it crumbles to dust.
As you read the scroll of teleportation, it crumbles to dust.
You feel strangely unstable. Rupert roars wildly at you.
You suddenly lose the ability to move!
Rupert roars madly and goes into a rage!
Rupert goes berserk!
Your surroundings suddenly seem different.
A spiny frog comes into view.
The spiny frog croaks.
You hear an angry hiss.
The spiny frog stings you!
You die...

######.....#
........#(#P#......# .
.............[....# ..
..........P.....P# ...
................# ....
.....#.......<.## .....
.P......_>.....#
......#............#.#
......F@............##
......P#...P........P###
....... .............##.
....... .#....l.........
....... .....P..........
.l....P P.P.............
......# ##..............
...#.. .#.........##..
..........PP..


You could see a spiny frog, a basilisk and a wyvern (wandering).

Vanquished Creatures
  3 hydras
  A two-headed ogre (D:8)
  Pikel (D:4)
  2 wolf spiders (Lair:6)
  2 ugly things (D:11)
  3 elephants (Lair:2)
  A merfolk siren (Lair:3)
  A guardian serpent (Lair:6)
  4 black mambas
  16 spiny frogs
  A torpor snail (Lair:5)
  8 komodo dragons
  A troll (D:11)
  A tengu conjurer (D:10)
  A polar bear (Lair:4)
  10 blink frogs
  8 hippogriffs
  2 redbacks (Lair:6)
  33 yaks
  7 wyverns
  A basilisk (Lair:3)
  A steam dragon (D:11)
  A soldier ant (D:10)
  3 nagas (Lair:4)
  16 water moccasins
  4 orc warriors
  9 porcupines
  3 phantoms
  4 sky beasts
  6 ogres
  6 centaurs
  9 wolves
  10 crocodiles
  2 big kobolds (D:11)
  14 bullfrogs
  A wyvern skeleton (D:10)
  4 wights (D:7)
  3 scorpions
  3 howler monkeys
  2 electric eels (Lair:1)
  7 crimson imps
  2 quasits
  A bullfrog zombie (D:5)
  3 jellies
  7 orc priests
  4 centaur skeletons
  11 orc wizards
  4 iguanas
  A bullfrog skeleton (D:6)
  Natasha (D:4)
  5 worker ants
  3 hound skeletons
  A hound zombie (D:8)
  2 howler monkey skeletons
  4 gnolls (D:3)
  16 adders
  5 shadow imps
  An adder zombie (D:9)
  An adder skeleton (D:6)
  8 worms
  2 leopard geckos (D:5)
  34 orcs
  2 ball pythons
  8 bats
  3 giant cockroaches
  3 goblins
  10 hobgoblins
  2 jackals (D:7)
  4 quokkas
  6 frilled lizards
  A jackal skeleton (D:6)
  18 kobolds
  A leopard gecko zombie (D:6)
  3 quokka skeletons
  8 rats
  9 fungi
  3 plants
412 creatures vanquished.

Vanquished Creatures (collateral kills)
  Gastronok (D:8)
  2 hydras
  A two-headed ogre (D:8)
  Psyche (D:8)
  A wyvern (Lair:3)
  An orc warrior (D:8)
7 creatures vanquished.

Vanquished Creatures (others)
  A slave (D:4)
  Natasha (D:4)
  7 fungi
  12 plants
21 creatures vanquished.

Grand Total: 440 creatures vanquished

Notes
Turn   | Place    | Note
-------+----------+-------------------------------------------
     0 | D:1      | Kriby the Minotaur Berserker began the quest for the Orb.
     0 | D:1      | Reached XP level 1. HP: 19/19 MP: 0/0
   530 | D:1      | Reached XP level 2. HP: 27/27 MP: 1/1
  1628 | D:2      | Reached XP level 3. HP: 30/33 MP: 2/2
  1669 | D:2      | Found a faded altar of an unknown god.
  1776 | D:2      | Found a sparkling altar of Nemelex Xobeh.
  1818 | D:2      | Found a snail-covered altar of Cheibriados.
  1819 | D:2      | Reached ** piety under Trog
  1975 | D:2      | Found a shattered altar of Ashenzari.
  2168 | D:3      | Reached XP level 4. HP: 40/40 MP: 3/3
  2558 | D:3      | Reached XP level 5. HP: 23/47 MP: 4/4
  3065 | D:4      | Reached skill level 5 in Axes
  3137 | D:4      | Found Kaokk's Magic Scroll Shop.
  3145 | D:4      | Bought a scroll of blinking for 105 gold pieces
  3145 | D:4      | Bought a scroll of fog for 28 gold pieces
  3145 | D:4      | Bought a scroll of identify for 28 gold pieces
  3286 | D:4      | Noticed Pikel
  3287 | D:4      | Noticed a slave
  3287 | D:4      | Noticed a slave
  3288 | D:4      | Noticed a slave
  3288 | D:4      | Noticed a slave
  3293 | D:4      | Killed Pikel
  3293 | D:4      | Reached skill level 5 in Armour
  3293 | D:4      | Reached XP level 6. HP: 57/57 MP: 5/5
  3293 | D:4      | Reached XP level 7. HP: 63/63 MP: 6/6
  3348 | D:4      | Reached *** piety under Trog
  3428 | D:4      | Reached skill level 5 in Dodging
  3452 | D:4      | Noticed Natasha
  3457 | D:4      | Killed Natasha
  3692 | D:4      | Killed Natasha
  3790 | D:5      | Entered Level 5 of the Dungeon
  3969 | D:5      | Found a basalt altar of Yredelemnul.
  4065 | D:5      | Reached XP level 8. HP: 69/71 MP: 7/7
  4490 | D:5      | Found a radiant altar of Vehumet.
  5768 | D:6      | Reached **** piety under Trog
  5820 | D:6      | Reached XP level 9. HP: 39/81 MP: 8/8
  6653 | D:6      | Found a staircase to the Ecumenical Temple.
  7016 | D:6      | Found a glowing golden altar of the Shining One.
  7952 | D:7      | Reached ***** piety under Trog
  8850 | D:8      | Reached XP level 10. HP: 90/91 MP: 9/9
  9026 | D:8      | Noticed Gastronok
  9050 | D:8      | Killed Gastronok
  9050 | D:8      | Reached skill level 10 in Axes
  9070 | D:8      | Reached skill level 10 in Fighting
  9475 | D:8      | Noticed a two-headed ogre
  9482 | D:8      | Killed a two-headed ogre
  9486 | D:8      | Noticed Psyche
  9486 | D:8      | Reached skill level 10 in Armour
  9504 | D:8      | Noticed a two-headed ogre
  9504 | D:8      | Killed Psyche
  9521 | D:8      | Killed a two-headed ogre
 10618 | D:9      | Received a gift from Trog
 11090 | D:10     | Entered Level 10 of the Dungeon
 11206 | D:10     | Reached XP level 11. HP: 101/101 MP: 10/10
 11291 | D:10     | Got a shimmering war axe
 11292 | D:10     | Identified the +4 war axe of Scorn {chop, rElec Str+5 Dex+5} (You found it on level 10 of the Dungeon)
 11804 | D:10     | Found a staircase to the Lair.
 11953 | D:11     | Noticed a four-headed hydra
 11966 | D:10     | Killed a four-headed hydra
 11967 | D:10     | Reached skill level 10 in Dodging
 12357 | D:11     | Noticed a red ugly thing
 12361 | D:11     | Killed a red ugly thing
 12648 | D:11     | Found a staircase to the Orcish Mines.
 12658 | D:11     | Received a gift from Trog
 12715 | D:11     | Noticed a brown ugly thing
 12731 | D:11     | Killed a brown ugly thing
 12995 | Lair:1   | Entered Level 1 of the Lair of Beasts
 14481 | Lair:2   | Reached XP level 12. HP: 112/112 MP: 11/11
 15636 | Lair:3   | Noticed an eight-headed hydra
 15644 | Lair:3   | Killed an eight-headed hydra
 15645 | Lair:3   | Found a sparkling altar of Nemelex Xobeh.
 15859 | Lair:3   | Found a staircase to the Shoals.
 15971 | Lair:3   | Got a slimy glass ring
 16667 | Lair:4   | Found a staircase to the Snake Pit.
 17424 | Lair:4   | Noticed an eight-headed hydra
 17431 | Lair:4   | Killed an 11-headed hydra
 17902 | Lair:5   | Noticed a six-headed hydra
 17910 | Lair:5   | Reached XP level 13. HP: 122/122 MP: 12/12
 18442 | Lair:5   | Received a gift from Trog
 18898 | Lair:6   | Entered Level 6 of the Lair of Beasts
 18898 | Lair:6   | Found a staircase to the Slime Pits.
 18898 | Lair:6   | Found a viscous altar of Jiyva.
 19593 | Lair:6   | HP: 8/186 [poisoned by a guardian serpent (bolt of poison)]
 19595 | Lair:6   | HP: 3/186 [poisoned by a guardian serpent (bolt of poison)]
 19596 | Lair:6   | HP: 1/124 [poisoned by a guardian serpent (bolt of poison)]
 19597 | Lair:6   | Noticed Rupert
 19597 | Lair:6   | Paralysed by Rupert for 6 turns
 19604 | Lair:6   | Paralysed by Rupert for 3 turns
 19606 | Lair:6   | Slain by a spiny frog

Vault maps used:
D:1:      dpeg_arrival_arbitrary_a
D:2:      grunt_temple_overflow_open, chequers_ecumenical_altar_simple_redux,
          nemelex_lonely_heart_becter
D:4:      serial_shops, shop_fountains, first_ration, uniq_pikel, uniq_natasha
D:5:      yredelemnul_altar_generic, vehumet_altar_wand_db,
          serial_bayou_crossing
D:6:      corexii_shack_village, minmay_temple_entry_glassed_door, tso_altar
D:8:      kennysheep_six_static_rooms, uniq_psyche, uniq_gastronok
D:10:     lair_entry_dummy, grunt_tengu_nest
D:11:     orc_0_dummy
Lair:1:   minivault_25, grunt_megastairs_1, serial_bayou_shore_a
Lair:3:   minmay_shoals_entry_lonely_mermaid, basic_altar, grunt_megastairs_2,
          infiniplex_staircase_pool
Lair:4:   minmay_snake_entry_guardpost_small, lab_entry_generic
Lair:5:   grunt_megastairs_4
Lair:6:   hangedman_lair_tendril_chambers, hangedman_lair_in_review,
          slime_altar_1, uniq_rupert

Skill      XL: |  1  2  3  4  5  6  7  8  9 10 11 12 13 |
---------------+----------------------------------------+-----
Axes           | 4 6 8 9 10 12 13 14 | 14.4
Fighting       | 4 6 7 9 10 12 13 14 | 14.0
Armour         | 3 5 7 9 10 11 13 | 13.8
Dodging        | 3 4 5 6 8 9 10 12 | 12.7

Action                   |  1- 3 |  4- 6 |  7- 9 | 10-12 | 13-15 || total
-------------------------+-------+-------+-------+-------+-------++-------
Melee: Hand axe          |    99 |    56 |   209 |       |       ||   364
       Headbutt          |    11 |    10 |    74 |   129 |    30 ||   254
       War axe           |       |       |   107 |   222 |       ||   329
       Unarmed           |       |       |     7 |       |       ||     7
       Battleaxe         |       |       |       |   254 |   147 ||   401
Invok: Berserk           |       |     2 |     5 |     6 |     1 ||    14
       Brothers in Arms  |       |       |       |     8 |       ||     8
  Use: Scroll            |       |       |       |    25 |     2 ||    27
       Potion            |       |       |       |       |     1 ||     1
  Eat: Chunk             |     4 |     4 |    17 |    33 |     5 ||    63
       Ration            |       |       |     2 |     1 |       ||     3
Armor: Animal skin       |    23 |    17 |    24 |       |       ||    64
       Scale mail        |       |       |    38 |       |       ||    38
       Chain mail        |       |       |    56 |     5 |       ||    61
       Plate armour      |       |       |       |   323 |    80 ||   403
Dodge: Dodged            |    74 |    39 |   215 |   317 |   112 ||   757
Block: Buckler           |       |       |       |    26 |       ||    26

Table legend:
 A = Spawn XP
 B = Non-spawn XP
 C = Spawn XP percentage of total XP
 D = Spawn monster count
 E = Non-spawn monster count
 F = Spawn count percentage of total count
 G = Total turns spent on level
                    A         B        C        D         E        F      G
               +---------+---------+-------+---------+---------+-------+---------
         Total |       0 |   53395 |   0.0 |       0 |     407 |   0.0 | 19606
               +---------+---------+-------+---------+---------+-------+---------
           D:1 |       0 |      18 |   0.0 |       0 |      12 |   0.0 |  1243
           D:2 |       0 |      62 |   0.0 |       0 |      24 |   0.0 |   858
           D:3 |       0 |     202 |   0.0 |       0 |      24 |   0.0 |  1295
           D:4 |       0 |     804 |   0.0 |       0 |      10 |   0.0 |   852
           D:5 |       0 |    1123 |   0.0 |       0 |      22 |   0.0 |  1605
           D:6 |       0 |    1326 |   0.0 |       0 |      34 |   0.0 |  1267
           D:7 |       0 |    1705 |   0.0 |       0 |      37 |   0.0 |  1928
           D:8 |       0 |    4694 |   0.0 |       0 |      35 |   0.0 |  1191
           D:9 |       0 |     747 |   0.0 |       0 |      13 |   0.0 |   851
          D:10 |       0 |    1938 |   0.0 |       0 |      15 |   0.0 |   795
          D:11 |       0 |    4645 |   0.0 |       0 |      36 |   0.0 |  1110
        Lair:1 |       0 |    2752 |   0.0 |       0 |      17 |   0.0 |  1339
        Lair:2 |       0 |    5549 |   0.0 |       0 |      24 |   0.0 |   970
        Lair:3 |       0 |    5931 |   0.0 |       0 |      27 |   0.0 |  1363
        Lair:4 |       0 |    5807 |   0.0 |       0 |      21 |   0.0 |  1205
        Lair:5 |       0 |    5685 |   0.0 |       0 |      22 |   0.0 |  1026
        Lair:6 |       0 |   10407 |   0.0 |       0 |      34 |   0.0 |   708
               +---------+---------+-------+---------+---------+-------+---------
